 Dungeon Crawl Stone Soup version 0.29.1-4-g47bece8355 (webtiles) character file.

Game seed: 9659210033098027325

22 mester the Conjurer (level 2, -1/22 HPs)
             Began as a Draconian Conjurer on Dec 2, 2022.
             Slain by a worm (10 damage)
             ... on level 2 of the Dungeon.
             The game lasted 00:07:44 (1481 turns).

mester the Conjurer (Draconian Conjurer)            Turns: 1481, Time: 00:07:48

Health: -1/22      AC:  5    Str:  9    XL:     2   Next: 68%
Magic:  3/5        EV: 12    Int: 18    God:
Gold:   29         SH:  0    Dex:  9    Spells: 4/5 levels left

rFire   . . .      SeeInvis .   c - +0 short sword
rCold   . . .      Faith    .   (no shield)
rNeg    . . .      Spirit   .   (body armour unavailable)
rPois   .          Reflect  .   (helmet restricted)
rElec   .          Harm     .   (no cloak)
rCorr   .          Rampage  .   (no gloves)
Will    .....                   d - +0 pair of boots
Stlth   ++........              (no amulet)
HPRegen 0.07/turn               (no ring)
MPRegen 0.09/turn               (no ring)

@: no status effects
A: AC +4, unfitting armour, cold-blooded
a: no special abilities


You were on level 2 of the Dungeon.
You visited 1 branch of the dungeon, and saw 2 of its levels.

You collected 29 gold pieces.

Inventory:

Hand Weapons
 c - a +0 short sword (weapon)
 e - a +0 dagger
 f - a +0 short sword
 l - a +0 club
 m - a +0 sling
 n - a +0 dagger
Missiles
 b - 6 large rocks
 j - 5 poisoned darts
Armour
 d - a +0 pair of boots (worn)
Scrolls
 h - a scroll of fear {unknown}
 i - a scroll of identify {unknown}
 k - a scroll of amnesia {unknown}
Potions
 a - a potion of magic
 g - a potion of flight {unknown}


   Skills:
 * Level 0.3 Fighting
 + Level 2.1 Dodging
 + Level 2.0 Stealth
 + Level 2.0 Spellcasting
 + Level 4.4 Conjurations


You had 4 spell levels left.
You knew the following spells:

 Your Spells              Type           Power      Damage    Failure   Level
a - Magic Dart            Conj           68%        1d6       3%          1

Your spell library contained the following spells:

 Spells                   Type           Power      Damage    Failure   Level
 Searing Ray              Conj           34%        2d5       4%          2
 Dazzling Flash           Conj/Hex       18%        N/A       22%         3
 Fulminant Prism          Conj/Hex       4%         3d6       58%         4
 Iskenderun's Mystic Bla  Conj/Tloc      9%         2d4       58%         4
 Agony                    Necr           1%         N/A       99%         5
 Silence                  Hex/Air        0%         N/A       99%         5


Dungeon Overview and Level Annotations

Branches:
Dungeon (2/15)

Altars:


Innate Abilities, Weirdness & Mutations

Your plain brown scales are hard. (AC +4)
You cannot fit into any form of body armour.
You are cold-blooded and may be slowed by cold attacks.


Message History

The magic dart hits the worm.
The worm is lightly wounded.
The magic dart hits the worm.
The worm is lightly wounded.
There is a stone staircase leading up here.
You climb upwards.
There is a stone staircase leading down here.
You see here a +0 dagger.
n - a +0 dagger You start resting.
HP restored.
You start resting.
Magic restored.
There is a stone staircase leading down here.
You climb downwards.
The worm bites you!
There is a stone staircase leading up, spattered with blood here.
You hit the worm.
The worm is lightly wounded.
The worm bites you!
You are too injured to fight recklessly!
You are too injured to fight recklessly!
You hit the worm. You tail-slap the worm.
The worm is moderately wounded.
Casting: Magic Dart (safe; 3% risk of failure)
Confirm with . or Enter, or press ? or * to list all spells.
Aiming: Magic Dart (safe; 3% risk of failure)
Press: ? - help, Shift-Dir - straight line, f - worm
Aim: a worm (moderately wounded, 100% to hit)
The magic dart hits the worm.
The worm is moderately wounded.
The worm closely misses you.
Casting: Magic Dart (safe; 3% risk of failure)
Confirm with . or Enter, or press ? or * to list all spells.
Aiming: Magic Dart (safe; 3% risk of failure)
Press: ? - help, Shift-Dir - straight line, f/p - worm
Aim: a worm (moderately wounded, 100% to hit)
The magic dart hits the worm.
The worm is heavily wounded.
The worm bites you!
You die...

.. .... .....
.... ..... .....
.....######...#.
......#........
............##.
#..........?
###..w....#
#....@.#.##
#.###....#
....## #....#
#.##.# .. .. ###
#.# ..


You could see a worm.

Vanquished Creatures
  A bat (D:1)
  An endoplasm (D:1)
  3 goblins (D:1)
  2 hobgoblins (D:1)
  3 jackals
  3 kobolds (D:1)
  A quokka (D:1)
  3 frilled lizards (D:1)
  2 rats (D:1)
  A spectral goblin (D:1)
20 creatures vanquished.

Notes
Turn   | Place    | Note
-------+----------+-------------------------------------------
     0 | D:1      | mester the Draconian Conjurer began the quest for the Orb.
     0 | D:1      | Reached XP level 1. HP: 14/14 MP: 3/3
   502 | D:1      | Reached XP level 2. HP: 20/20 MP: 1/5
   892 | D:1      | Found a faded altar of an unknown god.
  1481 | D:2      | Slain by a worm

Illustrated notes

Levels and vault maps discovered:
D:1:      lightli_arrival_chessboard, layout_basic,
          dreamdust_ecumenical_altar_drowned_temple, serial_aquarium,
          aquarium_bridge_square [aquarium_subvault_bridge,
          aquarium_subvault_bridge, aquarium_subvault_bridge,
          aquarium_subvault_wall], aquarium_window_corner, aquarium_window_1,
          aquarium_window_1, aquarium_window_1, aquarium_view_2b,
          aquarium_balcony_3b
D:2:      layout_rooms, serial_shops, nicolae_shop_crystal, basic_altar

Skill      XL: |  1  2 |
---------------+-------+-----
Dodging        | 2 |  2.1
Stealth        | 2 |  2.0
Fighting       | |  0.3
Spellcasting   | |  2.0
Conjurations   | |  4.4

Action                   || total
-------------------------++-------
Melee: Short sword       ||    28
       Tailslap          ||     4
 Cast: Magic Dart        ||    32
Armor: Skin              ||    24
Dodge: Dodged            ||    32
